 Dungeon Crawl Stone Soup version 0.29.0-11-gd7f09526c8 (webtiles) character file.

Game seed: 12710260177433692998

12030 mortz the Covert (level 12, -8/64 HPs)
             Began as a Kobold Conjurer on Sept 4, 2022.
             Was a Priest of Vehumet.
             Mangled by a boulder beetle (21 damage)
             ... on level 11 of the Dungeon.
             The game lasted 01:20:22 (13308 turns).

mortz the Covert (Kobold Conjurer)                 Turns: 13308, Time: 01:20:23

Health: -8/64      AC: 15    Str:  5    XL:     12   Next: 15%
Magic:  10/25      EV: 16    Int: 29    God:    Vehumet [***...]
Gold:   546        SH:  0    Dex: 14    Spells: 7/30 levels left

rFire   . . .      SeeInvis .   a - +2 dagger {short}
rCold   . . .      Faith    .   (no shield)
rNeg    . . .      Spirit   .   p - +0 steam dragon scales
rPois   +          Reflect  .   w - +2 helmet
rElec   .          Harm     .   B - +2 cloak
rCorr   .          Rampage  .   u - +2 pair of gloves
Will    .....                   (no boots)
Stlth   ++++++....              m - amulet of magic regeneration {@e2}
HPRegen 0.20/turn               s - +6 ring of intelligence
MPRegen 0.59/turn               E - ring of poison resistance

@: no status effects
A: small, no large weapons, nightstalker 3
a: Renounce Religion


You were on level 11 of the Dungeon.
You worshipped Vehumet.
Vehumet was most pleased with you.
You visited 2 branches of the dungeon, and saw 12 of its levels.

You collected 570 gold pieces.
You spent 24 gold pieces at shops.


Innate Abilities, Weirdness & Mutations

You are small and have problems with some larger weapons.
You are completely attuned to the shadows.


   Skills:
 + Level 2.4 Fighting
 + Level 4.1 Short Blades
 + Level 3.3 Armour
 + Level 5.4 Dodging
 + Level 12.9 Stealth
 + Level 0.1 Unarmed Combat
 * Level 9.5 Spellcasting
 * Level 9.6 Conjurations
 + Level 5.9 Translocations
 + Level 0.4 Fire Magic
 + Level 2.5 Air Magic
 + Level 2.6 Earth Magic


You had 7 spell levels left.
You knew the following spells:

 Your Spells              Type           Power      Damage    Failure   Level
a - Magic Dart            Conj           100%       1d8       1%          1
b - Searing Ray           Conj           100%       2d8       1%          2
c - Iskenderun's Mystic   Conj/Tloc      56%        2d12      1%          4
d - Fulminant Prism       Conj/Hex       20%        3d13      1%          4
e - Stone Arrow           Conj/Erth      98%        3d13      1%          3
f - Foxfire               Conj/Fire      100%       2x1d9     1%          1
g - Mephitic Cloud        Conj/Pois/Air  37%        N/A       1%          3
h - Scorch                Fire           32%        2d7       1%          2
i - Frozen Ramparts       Ice            26%        1d4       3%          3

Your spell library contained the following spells:

 Spells                   Type           Power      Damage    Failure   Level
 Apportation              Tloc           96%        N/A       1%          1
 Shock                    Conj/Air       100%       1d9       1%          1
 Blink                    Tloc           96%        N/A       1%          2
 Poisonous Vapours        Pois/Air       42%        N/A       1%          2
 Dazzling Flash           Conj/Hex       82%        N/A       1%          3
 Gell's Gravitas          Tloc           48%        N/A       1%          3
 Teleport Other           Tloc           48%        N/A       1%          3
 Ignite Poison            Fire/Tmut/Pois 14%        N/A       3%          3
 Necrotise                Necr           52%        1d6       4%          1
 Summon Small Mammal      Summ           52%        N/A       4%          1
 Swiftness                Air            28%        N/A       4%          3
 Airstrike                Air            14%        2d(2-18)  4%          4
 Freezing Cloud           Conj/Ice/Air   18%        6-21      5%          5
 Manifold Assault         Tloc           48%        N/A       10%         5
 Call Canine Familiar     Summ           13%        N/A       12%         3
 Ozocubu's Armour         Ice            13%        N/A       12%         3
 Spider Form              Tmut/Pois      13%        N/A       12%         3
 Summon Guardian Golem    Hex/Summ       13%        N/A       12%         3
 Orb of Destruction       Conj           31%        9d10      17%         7
 Animate Armour           Summ/Erth      42%        N/A       22%         4
 Corpse Rot               Necr/Pois/Air  18%        N/A       28%         4
 Anguish                  Hex/Necr       6%         N/A       36%         4
 Animate Dead             Necr           13%        N/A       36%         4
 Dispersal                Tloc           24%        N/A       45%         6
 Spellforged Servitor     Conj/Summ      20%        N/A       71%         7
 Blade Hands              Tmut           6%         N/A       73%         5
 Metabolic Englaciation   Hex/Ice        6%         N/A       73%         5
 Simulacrum               Ice/Necr       6%         N/A       99%         6
 Enfeeble                 Hex            6%         N/A       100%        7
 Haunt                    Necr/Summ      6%         N/A       100%        7
 Storm Form               Tmut/Air       10%        N/A       100%        7
 Lehudib's Crystal Spear  Conj/Erth      24%        10d7      99%         8
 Infestation              Necr           6%         N/A       100%        8
 Necromutation            Tmut/Necr      6%         N/A       100%        8

Inventory:

Hand Weapons
 a - a +2 dagger (weapon) {short}
   (You took it off a goblin on level 1 of the Dungeon)
 c - a +1 dagger of flaming {short}
   (You took it off an orc wizard on level 11 of the Dungeon)
 x - a +4 falchion {long}
   (You took it off a centaur on level 10 of the Dungeon)
 F - a +5 hand axe of freezing {axe}
   (You took it off a wight on level 8 of the Dungeon)
 P - a +1 hand axe of flaming {axe}
   (You took it off an orc on level 7 of the Dungeon)
Missiles
 g - 51 stones {throwing}
 D - 27 poisoned darts {throwing}
Armour
 d - +0 acid dragon scales
   (You found it on level 11 of the Dungeon)
 p - +0 steam dragon scales (worn)
   (You found it on level 9 of the Dungeon)
 u - a +2 pair of gloves (worn)
   (You found it on level 2 of the Dungeon)
 w - a +2 helmet (worn)
   (You found it on level 3 of the Dungeon)
 A - a +3 leather armour of positive energy
   (You took it off a kobold on level 5 of the Dungeon)
 B - a +2 cloak (worn)
   (You took it off Crazy Yiuf on level 4 of the Dungeon)
 M - +0 acid dragon scales
   (You found it on level 9 of the Dungeon)
 N - a +0 scale mail
   (You found it on level 11 of the Dungeon)
 S - a +2 ring mail of poison resistance
   (You found it on level 9 of the Dungeon)
Magical Staves
 b - a staff of air {!astaff}
   (You found it on level 4 of the Dungeon)
Jewellery
 m - an amulet of magic regeneration (around neck) {@e2}
   (You found it on level 2 of the Dungeon)
 s - a +6 ring of intelligence (left hand)
   (You found it on level 4 of the Dungeon)
 E - a ring of poison resistance (right hand)
   (You found it on level 6 of the Dungeon)
Wands
 o - a wand of charming (14)
   (You found it on level 2 of the Dungeon)
 y - a wand of polymorph (11)
   (You took it off Ijyb on level 4 of the Dungeon)
 C - a wand of light (8)
   (You took it off Crazy Yiuf on level 4 of the Dungeon)
 K - a wand of mindburst (18)
   (You found it on level 11 of the Dungeon)
Scrolls
 e - 3 scrolls of summoning
 f - 3 scrolls of teleportation {@r4}
 q - 3 scrolls of fear
 H - a scroll of poison
 J - 2 scrolls of acquirement {unknown}
 L - a scroll of immolation {!r!r}
Potions
 h - 4 potions of magic
 i - a potion of resistance
 j - 3 potions of mutation {!q}
 k - 2 potions of flight
 l - 2 potions of attraction {!q}
 n - 3 potions of lignification {!q}
 r - 5 potions of curing {@q1}
 t - 3 potions of ambrosia
 v - 5 potions of haste {@q3}
 G - 3 potions of cancellation
 I - a potion of degeneration {unknown}
 T - a potion of might {unknown}
 V - 3 potions of heal wounds {@q2}
Miscellaneous
 z - a tin of tremorstones (2/2) {throwing}
   (You found it on level 10 of the Dungeon)

Dungeon Overview and Level Annotations

Branches:
Dungeon (11/15) Zot: 25214  Temple (1/1) D:4 Zot: 5927    Lair (0/5) D:11
    Orc (0/2) D:9

Altars:
Ashenzari
Cheibriados
Dithmenos
Elyvilon
Fedhas
Gozag
Hepliaklqana
Kikubaaqudgha
Makhleb
Nemelex Xobeh
Okawaru
Qazlal
Ru
Sif Muna
Trog
Uskayaw
Vehumet
Wu Jian
Xom
Yredelemnul
Zin
The Shining One

Shops:
D:8 *   D:9 :(

Annotations:
D:4 Sigmund
D:6 1 exclusion
D:8 exclusion: two-headed ogre
D:9 1 runed translucent door
D:10 Lodul
D:11 exclusion: 2 oklob plants

#################################
..............?..................
.......###........##...........##
...........................##..##
...............H..O....#...##....
...........#...#..##.............
.......#...#...#@....###...###...
...............B.#####.'...#.'...
#...###.......T..#...'.#...#.#...
#.#.# #.#........#..##.#.#.#.#...
#.#.# #.#........#..####...#.#...
'.#.# #.#........#..####'#####...
#...# #..........#........#......
....# #..........########.#.#..#.
..#.# #.###.............#.#.#....


You could see a boulder beetle (ally target), a friendly two-headed ogre
(summoned), a friendly manticore (summoned, wandering) and a friendly troll
(summoned).


Message History

You feel your power returning. 😕 HP[+1] MP[-1]
You lost 1 mp, and now have 13/25 mp.
There is an open door, spattered with blood here.
You see here a yak corpse.
There is an open door, spattered with blood here.
You see here a yak corpse.
You see here 4 stones {throwing}.
You open the door.
There is an open door here.
You pick up a book of Winter and begin reading...
You add the spells Ozocubu's Armour, Metabolic Englaciation and Simulacrum to your library. 😎 HP[+1] MP[+12]
Your hp is fully restored (64).
Your mp is fully restored (25).
There is an open door here.
There is a large open door here.
There is a large open door, spattered with blood here.
The stone arrow hits the skeletal warrior! 😎 MP[-3]
You lost 3 mp, and now have 22/25 mp.
The stone arrow hits the skeletal warrior! 😎 MP[-2]
You lost 2 mp, and now have 20/25 mp.
The stone arrow hits the skeletal warrior!! 😎 MP[-2]
You lost 2 mp, and now have 18/25 mp.
The stone arrow misses the skeletal warrior.
The skeletal warrior hits you with a +0 scimitar! 😕 HP[-9] MP[-3]
You take 9 damage, and now have 55/64 hp.
You lost 3 mp, and now have 15/25 mp.
The stone arrow hits the skeletal warrior.
The skeletal warrior hits you with a +0 scimitar! 😮 HP[-11] MP[-2]
You take 11 damage, and now have 44/64 hp.
You lost 2 mp, and now have 13/25 mp.
You are too injured to fight recklessly!
Aiming: Stone Arrow (safe; 1% risk of failure)
Press: ? - help, Q - select action, (/) - cycle Shift-Dir - straight line, f/p - skeletal warrior
Aim: a skeletal warrior, wielding a +0 scimitar (almost destroyed, 76% to hit)
The stone arrow hits the skeletal warrior!!
You destroy the skeletal warrior!
Vehumet accepts your kill.
You feel your power returning. 😮 MP[+1]
You see here a +0 scimitar {long}. 😮 MP[+1]
You see here a +0 scimitar {long}.
You open the door.
There is an open door here.
There is an open door here.
Found an escape hatch in the floor. 😎 HP[+20] MP[+10]
Your hp is fully restored (64).
Your mp is fully restored (25).
You open the door. You open the door.
There is an open door here.
There is an open door here.
You open the door.
There is an open door here.
There is an open door here.
There is a stone staircase leading down here.
There is an open door here.
There is an open door here.
Partly explored, can't reach some items and places.
The stone arrow hits the boulder beetle.
The boulder beetle curls into a ball and begins rolling! 😎 MP[-2]
You lost 2 mp, and now have 23/25 mp.
The stone arrow hits the boulder beetle but does no damage. 😎 MP[-3]
You lost 3 mp, and now have 20/25 mp.
The stone arrow hits the boulder beetle! 😎 MP[-2]
You lost 2 mp, and now have 18/25 mp.
Casting: Stone Arrow (safe; 1% risk of failure)
Confirm with . or Enter, or press ? or * to list all spells.
You erupt in a blast of force!
The mystic blast hits the boulder beetle.
The boulder beetle is knocked back by the mystic blast. 😎 MP[-4]
You lost 4 mp, and now have 14/25 mp.
The stone arrow hits the boulder beetle but does no damage. 😎 MP[-2]
You lost 2 mp, and now have 12/25 mp.
Casting: Stone Arrow (safe; 1% risk of failure)
Confirm with . or Enter, or press ? or * to list all spells.
You erupt in a blast of force!
The mystic blast hits the boulder beetle.
The boulder beetle hits you!!!
Ouch! That really hurt!
* * * LOW HITPOINT WARNING * * *
The boulder beetle stops rolling and uncurls. 😱 HP[-51] MP[-3]
You take 51 damage, and now have 13/64 hp.
MASSIVE DAMAGE!! (PAUSE)
You lost 3 mp, and now have 9/25 mp.
As you read the scroll of summoning, it crumbles to dust.
Wisps of shadow whirl around you... The boulder beetle bites you!!
You die...

Skill      XL: |  1  2  3  4  5  6  7  8  9 10 11 |
---------------+----------------------------------+-----
Stealth        | 3 4 5 6 8 10 12 | 12.9
Short Blades   | 2 3 4 |  4.1
Spellcasting   | 3 4 5 6 8 9 |  9.5
Translocations | 1 2 3 4 5 |  5.9
Conjurations   | 5 6 7 9 |  9.6
Air Magic      | 1 2 |  2.5
Earth Magic    | 1 2 |  2.6
Dodging        | 3 4 5 |  5.4
Armour         | 1 2 3 |  3.3
Fighting       | 1 2 |  2.4
Unarmed Combat | |  0.1
Fire Magic     | |  0.4

Action                   |  1- 3 |  4- 6 |  7- 9 | 10-12 || total
-------------------------+-------+-------+-------+-------++-------
Melee: Dagger            |    21 |     8 |    11 |    27 ||    67
       Unarmed           |       |     5 |       |       ||     5
 Cast: Magic Dart        |    12 |       |       |       ||    12
       Searing Ray       |    18 |    14 |    51 |    42 ||   125
       Shock             |       |     6 |     4 |       ||    10
       Iskenderun's Myst |       |       |       |    31 ||    31
       Foxfire           |       |       |       |    10 ||    10
       Stone Arrow       |       |       |       |    18 ||    18
  Use: Scroll            |     4 |     6 |     5 |    11 ||    26
       Potion            |       |       |     1 |     2 ||     3
 Stab: Sleeping          |    14 |     7 |    11 |    26 ||    58
Armor: Robe              |     5 |     7 |       |       ||    12
       Skin              |       |     3 |       |       ||     3
       Leather armour    |       |       |    46 |     5 ||    51
       Steam dragon scal |       |       |       |    20 ||    20
Dodge: Dodged            |    14 |    14 |    83 |    67 ||   178

Levels and vault maps discovered:
D:1:      zelgadis_glass_arrival_small, layout_basic, serial_bayou_pond_c
D:2:      layout_basic
D:3:      layout_basic, old_standard_altar
D:4:      layout_cave_pools, lemuel_crystal_altar,
          nicolae_elyvilon_peaceful_grove,
          mainiacjoe_overflow_concentric_impassable,
          minmay_temple_entry_offerings, uniq_ijyb, uniq_sigmund,
          uniq_crazy_yiuf_cottage
D:5:      layout_basic, old_standard_altar
D:6:      layout_loops_corners, regret_index_temple_of_mockery
D:7:      layout_basic, chequers_serial_rivers_marsh, sword_in_stone
D:8:      layout_loops_ring, nicolae_qazlal_scattered_showers, serial_shops,
          nicolae_shop_overgrown_old_shop
D:9:      layout_long_grid, orc_david_3, ebering_ghost_reflecting_pool,
          serial_shops, nicolae_shop_advertising_works
          [nicolae_subvault_shop_adworks], amcnicky_mini_pool_medium
D:10:     layout_irregular_city, overflow_temple_1_default,
          nicolae_overflow_squiral, nemelex_spade_bored_becter,
          kennysheep_generic_room_8, uniq_lodul
D:11:     layout_stronghold, dpeg_oklobed_lair, kennysheep_generic_room_12
Temple:   nicolae_temple_ecumenical_triangle

Notes
Turn   | Place    | Note
-------+----------+-------------------------------------------
     0 | D:1      | mortz the Kobold Conjurer began the quest for the Orb.
     0 | D:1      | Reached XP level 1. HP: 10/10 MP: 3/3
     0 | D:1      | magus.rc [v1.9.6]
   275 | D:1      | Reached XP level 2. HP: 15/15 MP: 1/5
   278 | D:1      | Learned a level 2 spell: Searing Ray
   416 | D:1      | Reached skill level 3 in Stealth
   528 | D:1      | You pick up a book of Armaments and begin reading...
   528 | D:1      | You add the spells Stone Arrow, Animate Armour and
                  | Lehudib's Crystal Spear to your library.
  1279 | D:2      | Reached XP level 3. HP: 19/19 MP: 3/6
  1491 | D:2      | You pick up a book of Air and begin reading...
  1491 | D:2      | You add the spells Shock, Swiftness and Airstrike to your
                  | library.
  2388 | D:3      | Found an opulent altar of Gozag.
  2660 | D:3      | You fall into a shaft and drop 3 floors!
  2696 | D:5      | Entered Level 5 of the Dungeon
  2708 | D:5      | You add the spells Blink, Manifold Assault and Storm Form
                  | to your library.
  2711 | D:5      | Noticed a necrophage
  2725 | D:5      | Noticed a scorpion
  2746 | D:5      | Killed a scorpion
  2747 | D:5      | Reached skill level 2 in Short Blades
  2747 | D:5      | Reached skill level 4 in Stealth
  2747 | D:5      | Reached XP level 4. HP: 24/24 MP: 0/7
  2747 | D:5      | Reached XP level 5. HP: 28/28 MP: 0/8
  2824 | D:5      | You add the spells Spider Form, Blade Hands and
                  | Necromutation to your library.
  2824 | D:5      | Got the Lectures on Changing
  2830 | D:5      | Learned a level 4 spell: Iskenderun's Mystic Blast
  3410 | D:4      | Learned a level 1 spell: Shock
  3487 | D:4      | Found a staircase to the Ecumenical Temple.
  3489 | D:4      | You pick up a book of Dangerous Friends and begin
                  | reading...
  3489 | D:4      | You add the spells Summon Guardian Golem, Orb of
                  | Destruction and Spellforged Servitor to your library.
  3492 | D:4      | You pick up a book of Cantrips and begin reading...
  3492 | D:4      | You add the spells Necrotise, Summon Small Mammal and
                  | Apportation to your library.
  3501 | Temple   | Entered the Ecumenical Temple
  3564 | Temple   | Became a worshipper of Vehumet
  3600 | D:4      | Found a glowing silver altar of Zin.
  3635 | D:4      | Found a shadowy altar of Dithmenos.
  3663 | D:4      | Noticed Ijyb
  3670 | D:4      | Noticed an ice beast
  3710 | D:4      | Killed Ijyb
  3711 | D:4      | Reached skill level 3 in Spellcasting
  3740 | D:4      | Killed an ice beast
  3741 | D:4      | Reached skill level 5 in Stealth
  3741 | D:4      | Reached skill level 1 in Translocations
  3741 | D:4      | Reached XP level 6. HP: 32/32 MP: 6/11
  3816 | D:4      | Noticed Sigmund
  3940 | D:4      | Found a white marble altar of Elyvilon.
  3951 | D:4      | Reached skill level 5 in Conjurations
  4068 | D:4      | Found a runed translucent door.
  4071 | D:4      | Noticed Crazy Yiuf
  4229 | D:4      | Killed Crazy Yiuf
  4246 | D:4      | magus.rc [v1.9.6]
  4410 | D:5      | You add the spells Ignite Poison, Mephitic Cloud and
                  | Freezing Cloud to your library.
  4415 | D:5      | Learned a level 3 spell: Stone Arrow
  4508 | D:5      | Reached XP level 7. HP: 36/36 MP: 6/12
  4540 | D:5      | Reached skill level 4 in Spellcasting
  4540 | D:5      | Reached skill level 1 in Air Magic
  4540 | D:5      | Reached skill level 1 in Earth Magic
  4720 | D:5      | Found a hide-covered altar of Uskayaw.
  4842 | D:5      | Reached skill level 3 in Dodging
  4930 | D:5      | Reached skill level 2 in Translocations
  5170 | D:5      | Reached skill level 6 in Stealth
  5170 | D:5      | Reached XP level 8. HP: 42/42 MP: 11/14
  5340 | D:6      | Reached skill level 2 in Earth Magic
  5712 | D:6      | Noticed a kobold demonologist
  5715 | D:6      | Reached skill level 2 in Air Magic
  6066 | D:6      | Reached skill level 5 in Spellcasting
  6067 | D:6      | Reached skill level 1 in Armour
  6067 | D:6      | Reached skill level 6 in Conjurations
  6097 | D:6      | Reached * piety under Vehumet
  6097 | D:6      | Offered knowledge of Foxfire by Vehumet.
  6100 | D:6      | Learned a level 1 spell: Foxfire
  6447 | D:6      | Found a shimmering altar of Xom.
  6448 | D:6      | Found a hazy altar of Hepliaklqana.
  6449 | D:6      | Noticed a spectral ugly thing
  6453 | D:6      | Reached skill level 3 in Translocations
  6453 | D:6      | Reached XP level 9. HP: 46/46 MP: 16/16
  6457 | D:6      | Learned a level 3 spell: Mephitic Cloud
  6758 | D:7      | Reached skill level 1 in Fighting
  6792 | D:7      | Reached skill level 7 in Stealth
  6797 | D:7      | Reached skill level 6 in Spellcasting
  6836 | D:7      | Reached skill level 4 in Dodging
  7014 | D:7      | Reached skill level 2 in Armour
  7239 | D:7      | Noticed a hornet
  7243 | D:7      | Killed a hornet
  7244 | D:7      | Reached skill level 3 in Short Blades
  7397 | D:7      | Reached skill level 8 in Stealth
  7613 | D:7      | Reached skill level 4 in Translocations
  7613 | D:7      | Reached XP level 10. HP: 52/52 MP: 15/19
  7871 | D:8      | You pick up a book of Maledictions and begin reading...
  7871 | D:8      | You add the spells Anguish and Enfeeble to your library.
  7949 | D:8      | Found Otorhiw's Assorted Antiques.
  7957 | D:8      | Bought a glowing coppery potion for 24 gold pieces
  7986 | D:8      | You pick up a book of Death and begin reading...
  7986 | D:8      | You add the spells Animate Dead, Haunt and Infestation to
                  | your library.
  8008 | D:8      | Reached skill level 3 in Armour
  8008 | D:8      | Reached skill level 7 in Conjurations
  8076 | D:8      | Noticed a two-headed ogre
  8128 | D:8      | Reached ** piety under Vehumet
  8128 | D:8      | Offered knowledge of Freeze by Vehumet.
  8142 | D:8      | You add the spells Gell's Gravitas, Teleport Other and
                  | Dispersal to your library.
  8144 | D:8      | Found a stormy altar of Qazlal.
  8192 | D:8      | Reached skill level 7 in Spellcasting
  8384 | D:8      | Reached skill level 2 in Fighting
  8384 | D:8      | Reached skill level 9 in Stealth
  8611 | D:8      | Reached skill level 10 in Stealth
  8817 | D:8      | Reached skill level 5 in Translocations
  8893 | D:9      | Found a runed translucent door.
  9016 | D:9      | Found a staircase to the Orcish Mines.
  9019 | D:9      | Found Exkimut's Weapon Shoppe.
  9197 | D:9      | Noticed a two-headed ogre
  9239 | D:9      | Reached skill level 8 in Spellcasting
  9243 | D:9      | Offered knowledge of Scorch by Vehumet.
  9244 | D:9      | Reached XP level 11. HP: 57/57 MP: 18/23
  9372 | D:9      | Reached skill level 11 in Stealth
  9383 | D:9      | Reached skill level 8 in Conjurations
  9611 | D:9      | Noticed a two-headed ogre
  9743 | D:9      | You pick up a book of Callings and begin reading...
  9747 | D:9      | Learned a level 2 spell: Scorch
  9831 | D:9      | Found Falani's Book Shop.
  9969 | D:9      | Killed a two-headed ogre
  9970 | D:9      | Reached skill level 5 in Dodging
  9992 | D:9      | Reached *** piety under Vehumet
 10088 | D:10     | Entered Level 10 of the Dungeon
 10226 | D:10     | Noticed a two-headed ogre
 10230 | D:10     | Killed a two-headed ogre
 10231 | D:10     | Reached skill level 12 in Stealth
 10416 | D:10     | Noticed Lodul
 10436 | D:10     | HP: 8/57 [ogre/+0 giant spiked club[Lodul] (31)]
 10912 | D:10     | Found a sparkling altar of Nemelex Xobeh.
 11196 | D:10     | Found a blossoming altar of Fedhas.
 11267 | D:10     | Found an ancient bone altar of Kikubaaqudgha.
 11271 | D:10     | Found a broken altar of Ashenzari.
 11442 | D:10     | Offered knowledge of Frozen Ramparts by Vehumet.
 11443 | D:10     | Reached skill level 4 in Short Blades
 11447 | D:10     | Learned a level 3 spell: Frozen Ramparts
 11718 | D:11     | Found a staircase to the Lair.
 11718 | D:11     | Noticed an oklob plant
 11725 | D:11     | Learned a level 4 spell: Fulminant Prism
 11727 | D:11     | Noticed an oklob plant
 11778 | D:11     | Reached skill level 9 in Conjurations
 11881 | D:11     | Noticed a two-headed ogre
 11885 | D:11     | Killed a two-headed ogre
 11886 | D:11     | Reached skill level 9 in Spellcasting
 11987 | D:11     | Noticed a boulder beetle
 12249 | D:11     | You pick up a book of Vapours and begin reading...
 12249 | D:11     | You add the spells Poisonous Vapours and Corpse Rot to your
                  | library.
 12271 | D:11     | Noticed a manticore
 12275 | D:11     | Killed a manticore
 12312 | D:11     | Noticed a skeletal warrior
 12327 | D:11     | HP: 14/58 [skeletal warrior/+0 scimitar (29)]
 12597 | D:11     | Noticed a cyclops
 12600 | D:11     | Killed a cyclops
 12601 | D:11     | Reached XP level 12. HP: 64/64 MP: 20/25
 12843 | D:11     | You pick up a book of Winter and begin reading...
 12843 | D:11     | You add the spells Ozocubu's Armour, Metabolic Englaciation
                  | and Simulacrum to your library.
 12896 | D:11     | Killed a skeletal warrior
 13306 | D:11     | HP: 13/64 [boulder beetle (51)]
 13308 | D:11     | Mangled by a boulder beetle

Vanquished Creatures
  3 two-headed ogres
  A skeletal warrior (D:11)
  A cyclops (D:11)
  A manticore (D:11)
  An unseen horror (D:11)
  2 hornets
  2 wyverns
  20 yaks
  5 steam dragons
  2 acid dragons
  2 water moccasins
  3 orc warriors
  2 black bears
  2 ice beasts
  6 ogres
  3 kobold brigands
  8 centaurs
  2 gnoll sergeants (D:7)
  5 scorpions
  3 bullfrogs
  12 wights
  5 killer bees (D:10)
  An electric eel (D:10)
  A howler monkey (D:7)
  A jelly (D:7)
  3 hounds
  An orc priest (D:10)
  Crazy Yiuf (D:4)
  An iguana (D:5)
  Ijyb (D:4)
  7 orc wizards
  7 adders
  4 gnolls (D:6)
  3 white imps
  An ufetubus (D:6)
  3 worms
  2 dart slugs
  17 orcs
  4 endoplasms
  3 hobgoblins
  2 quokkas
  6 ball pythons
  5 bats
  4 frilled lizards
  6 goblins
  16 kobolds
  6 rats
197 creatures vanquished.

Vanquished Creatures (others)
  19 foxfires (D:11)
  A plant (D:8)
20 creatures vanquished.

Grand Total: 217 creatures vanquished

Table legend:
 A = Non-vault XP
 B = Vault XP
 C = Vault XP percentage of total XP
 D = Non-vault monster count
 E = Vault monster count
 F = Vault count percentage of total count
                 A         B        C        D         E       F
            +---------+---------+-------+---------+---------+-------
      Total |   14705 |    2481 |  14.4 |     175 |      22 |  11.2
            +---------+---------+-------+---------+---------+-------
        D:1 |      28 |       0 |   0.0 |      20 |       0 |   0.0
        D:2 |      26 |       0 |   0.0 |       7 |       0 |   0.0
        D:3 |      19 |       0 |   0.0 |      10 |       0 |   0.0
        D:4 |     283 |      73 |  20.5 |      12 |       2 |  14.3
        D:5 |     592 |       0 |   0.0 |      12 |       0 |   0.0
        D:6 |     978 |       0 |   0.0 |      19 |       0 |   0.0
        D:7 |    1603 |     324 |  16.8 |      23 |       4 |  14.8
        D:8 |    2958 |       0 |   0.0 |      20 |       0 |   0.0
        D:9 |    2360 |     758 |  24.3 |      20 |      10 |  33.3
       D:10 |    1560 |     580 |  27.1 |      16 |       5 |  23.8
       D:11 |    4298 |     746 |  14.8 |      16 |       1 |   5.9
            +---------+---------+-------+---------+---------+-------

Illustrated notes

Table legend:
 A = Kills in this place as a percentage of kills in entire the game.
 B = Kills by you in this place as a percentage of kills by you in the entire game.
 C = Kills by friends in this place as a percentage of kills by friends in the entire game.
 D = Other kills in this place as a percentage of other kills in the entire game.
 E = Experience gained in this place as a percentage of experience gained in the entire game.
 F = Experience gained in this place divided by the number of levels of this place that you have seen.
                   A       B       C       D       E      F
               +-------+-------+-------+-------+-------+----------------------
         Total | 100.0 | 100.0 |   N/A |   N/A | 100.0 | 1432.2
       Dungeon | 100.0 | 100.0 |   N/A |   N/A | 100.0 | 1562.4
               +-------+-------+-------+-------+-------+----------------------

Table legend: (Time is in decaauts)
 A = Elapsed time spent in this place.
 B = Non-inter-level travel time spent in this place.
 C = Inter-level travel time spent in this place.
 D = Time resting spent in this place.
 E = Time spent auto-exploring this place.
 F = Levels seen in this place.
 G = Mean time per level.
                   A        B        C        D        E       F      G
               +--------+--------+--------+--------+--------+-----+--------+
         Total |  13303 |  12574 |    729 |   1174 |   9261 |  12 | 1108.6 |
       Dungeon |  13231 |  12510 |    721 |   1174 |   9215 |  11 | 1202.8 |
        Temple |     72 |     64 |      8 |      0 |     46 |   1 |   72.0 |
               +--------+--------+--------+--------+--------+-----+--------+

Top non-repeatable levels by time:
    D:11: 1630 daAuts
     D:9: 1422 daAuts
     D:1: 1276 daAuts
     D:6: 1267 daAuts
     D:5: 1263 daAuts
    D:10: 1258 daAuts
     D:8: 1179 daAuts
     D:3: 1086 daAuts
     D:7: 1071 daAuts
     D:4: 956 daAuts
     D:2: 817 daAuts
  Temple: 72 daAuts
